Crunch vs Rockets
Created - November 20, 2025 at 19:20
Goals
|
| Crunch |
1 |
0 |
1 |
2 |
| Rockets |
0 |
2 |
3 |
5 |
|
Shots
|
| Crunch |
7 |
15 |
9 |
31 |
| Rockets |
7 |
11 |
20 |
38 |
|
1st period
1. Crunch , Dylan Cozens 4 (Matias Maccelli 5, Andrei Svechnikov 8) at 18:50
Penalties :
No Penalty
2nd period
2. Rockets , Lucas Raymond 4 (Robert Thomas 3, Jesperi Kotkaniemi 2) at 5:00
3. Rockets , Jayden Struble 1 (Trevor Zegras 8, Noah Dobson 1) at 18:45
Penalties :
Jayden Struble (Lav) for Hooking (Minor) at 11:52, Jayden Struble (Lav) for Roughing (Minor) at 16:30
3rd period
4. Rockets , Trevor Zegras 8 (Jake Evans 10) at 2:29
5. Crunch , Andrei Svechnikov 6 (Matias Maccelli 6, Nils Lundkvist 5) at 6:45
6. Rockets , Jayden Struble 2 (Kirby Dach 3, Arber Xhekaj 3) at 14:09
7. Rockets , Dennis Gilbert 1 (Trevor Zegras 9, Kaiden Guhle 1) at 19:04
Penalties :
Anatoli Golyshev (Syr) for Slashing (Minor) at 2:56, Arber Xhekaj (Lav) for Roughing (Double Minor) at 9:54, Gustav Lindstrom (Syr) for Hooking (Minor) at 10:49, Jake Evans (Lav) for Interference (Minor) at 11:11
Goalie Stats
Josef Korenar (Syr), 33 saves from 38 shots - (0.868), L, 1-5-1, 60:00 minutes
Connor Hellebyuk (Lav), 29 saves from 31 shots - (0.935), W, 5-1-0, 60:00 minutes
Players Stats for Crunch
Player Name G A P +/- PIM S H SB GA TA FO MP PP MP PK MP
------------------------------------------------------------------------------------
0 0 0 0 0 0 0 0 0 0 0/0 0:00 0:00 0:00
0 0 0 0 0 0 0 0 0 0 0/0 0:00 0:00 0:00
0 0 0 0 0 0 0 0 0 0 0/0 0:00 0:00 0:00
0 0 0 0 0 0 0 0 0 0 0/0 0:00 0:00 0:00
Anatoli Golyshev 0 0 0 -1 2 1 1 1 0 2 0/0 17:31 2:21 0:00
Andrei Svechnikov 1 1 2 0 0 6 3 0 2 0 1/6 21:26 3:18 1:08
Barrett Hayton 0 0 0 -1 0 0 1 0 0 0 7/11 17:07 2:21 0:00
Blake Hillman 0 0 0 -2 0 0 2 1 0 0 0/0 12:25 0:00 0:00
Blake Lizotte 0 0 0 -1 0 0 1 1 0 0 0/3 10:32 0:00 0:00
Brandon Biro 0 0 0 -1 0 1 3 1 0 0 0/0 10:32 0:00 0:00
Cam Hillis 0 0 0 0 0 1 0 1 0 0 0/1 8:27 0:00 0:00
Dylan Cozens 1 0 1 -1 0 4 1 0 0 1 13/28 19:16 3:22 0:00
Gustav Lindstrom 0 0 0 0 2 2 2 2 0 1 0/0 25:02 3:33 1:22
Jake Sanderson 0 0 0 -2 0 0 1 1 0 1 0/0 14:29 0:27 0:00
Jakub Vrana 0 0 0 -1 0 2 2 0 2 0 0/0 19:37 2:21 1:08
Jeremy Bracco 0 0 0 -1 0 3 2 0 0 0 0/0 11:42 0:00 0:20
Joe Veleno 0 0 0 0 0 1 2 0 0 0 0/0 8:58 0:00 0:31
Liam Foudy 0 0 0 -1 0 0 0 0 0 0 0/0 0:47 0:19 0:00
Matias Maccelli 0 2 2 -1 0 4 1 0 1 0 0/1 20:26 3:22 0:20
Michael Downing 0 0 0 -1 0 0 0 3 0 1 0/0 20:43 2:12 0:37
Michael Joly 0 0 0 0 0 2 2 0 0 0 0/0 8:27 0:00 0:00
Moritz Seider 0 0 0 -1 0 1 2 2 1 3 0/0 20:43 2:12 0:37
Nils Lundkvist 0 1 1 0 0 3 0 1 0 1 0/0 26:52 3:46 1:22
Tristen Robins 0 0 0 0 0 0 0 0 0 0 0/0 0:31 0:00 0:31
Ty Dellandrea 0 0 0 0 0 0 0 0 0 0 0/0 0:27 0:15 0:00
Players Stats for Rockets
Player Name G A P +/- PIM S H SB GA TA FO MP PP MP PK MP
------------------------------------------------------------------------------------
0 0 0 0 0 0 0 0 0 0 0/0 0:00 0:00 0:00
0 0 0 0 0 0 0 0 0 0 0/0 0:00 0:00 0:00
0 0 0 0 0 0 0 0 0 0 0/0 0:00 0:00 0:00
0 0 0 0 0 0 0 0 0 0 0/0 0:00 0:00 0:00
0 0 0 0 0 0 0 0 0 0 0/0 0:00 0:00 0:00
0 0 0 0 0 0 0 0 0 0 0/0 0:00 0:00 0:00
Alex Newhook 0 0 0 1 0 1 0 1 0 0 0/0 12:08 0:44 0:00
Anders Bjork 0 0 0 0 0 1 1 0 1 0 3/4 12:16 0:00 3:30
Arber Xhekaj 0 1 1 2 4 2 4 0 0 1 0/0 12:44 0:00 1:58
Cole Caufield 0 0 0 0 0 2 1 0 1 1 0/0 17:51 1:15 0:00
Dennis Gilbert 1 0 1 2 0 6 0 2 0 0 0/0 16:15 0:00 4:12
Gustav Forsling 0 0 0 0 0 0 0 0 0 0 0/0 2:53 0:00 0:00
Jake Evans 0 1 1 0 2 3 2 0 1 0 14/24 18:26 0:00 1:31
Jayden Struble 2 0 2 3 4 2 0 0 0 0 0/0 15:58 0:00 1:14
Jesperi Kotkaniemi 0 1 1 1 0 1 3 0 0 0 10/17 17:48 0:00 4:21
John-Jason Peterka 0 0 0 0 0 2 0 0 0 0 0/0 9:30 0:44 0:00
Kaiden Guhle 0 1 1 0 0 1 2 5 0 0 0/0 23:54 0:46 3:41
Kirby Dach 0 1 1 1 0 2 1 0 0 0 0/1 11:47 0:00 0:23
Lucas Raymond 1 0 1 2 0 1 0 0 1 1 0/0 15:39 1:13 0:43
Mason Appleton 0 0 0 1 0 2 1 0 1 1 0/0 13:25 0:44 1:17
Matthew Rempe 0 0 0 0 0 0 0 0 0 0 0/0 8:46 0:00 0:00
Noah Dobson 0 1 1 0 0 1 2 0 1 1 0/0 25:46 0:46 3:54
Robert Thomas 0 1 1 1 0 1 3 0 1 1 2/2 14:14 1:15 0:00
Thomas Harley 0 0 0 0 0 1 2 0 1 0 0/0 20:26 1:13 0:11
Trevor Zegras 1 2 3 1 0 9 2 1 2 0 0/2 20:14 1:15 1:26
3 Stars
1 - Trevor Zegras (Lav)
2 - Jayden Struble (Lav)
3 - Dennis Gilbert (Lav)
Power Play
Crunch - 0 on 5 Attempt(s) - 0.00%
Rockets - 0 on 2 Attempt(s) - 0.00%
Penalty Kill
Crunch - 2 on 2 Attempt(s) - 100.00%
- Score 0 goal in Penalty Kill
Rockets - 5 on 5 Attempt(s) - 100.00%
- Score 0 goal in Penalty Kill
Team Stat
Crunch - Hits : 26 - Faceoff Wins : 21 - Blocked Shots : 14 - Penalty Minutes : 4
Rockets - Hits : 24 - Faceoff Wins : 29 - Blocked Shots : 9 - Penalty Minutes : 10
Official
Referees : Francois St. Laurent and TJ Luxmore
Linesman : Pierre Racicot and Derek Nansen
Game Notes
Gustav Forsling is injured at 6:18 of 1st period (Groin)
Finance
Level 1 -- Attendance: 2000 (100.00%) -- Ticket Income $140,000
Level 2 -- Attendance: 1000 (100.00%) -- Ticket Income $40,000
Total Attendance: 3000 (100.00%)
Total Ticket Income: $180,000
Other Income: $9,000
Total Income: $189,000
Crunch
5 vs 5 Forward
Center Left Wing Right Wing Time % Phy DF OF
1 Dylan Cozens Matias Maccelli Andrei Svechnikov 40 1 2 2
2 Barrett Hayton Anatoli Golyshev Jakub Vrana 30 1 2 2
3 Blake Lizotte Brandon Biro Jeremy Bracco 20 1 2 2
4 Cam Hillis Joe Veleno Michael Joly 10 1 2 2
5 vs 5 Defense
Defense Defense Time % Phy DF OF
1 Nils Lundkvist Gustav Lindstrom 40 1 2 2
2 Moritz Seider Michael Downing 30 1 2 2
3 Jake Sanderson Blake Hillman 20 1 2 2
4 Nils Lundkvist Gustav Lindstrom 10 1 2 2
PowerPlay Forward
Center Left Wing Right Wing Time % Phy DF OF
1 Dylan Cozens Matias Maccelli Andrei Svechnikov 60 1 2 2
2 Barrett Hayton Anatoli Golyshev Jakub Vrana 40 1 2 2
PowerPlay Defense
Defense Defense Time % Phy DF OF
1 Nils Lundkvist Gustav Lindstrom 60 1 2 2
2 Moritz Seider Michael Downing 40 1 2 2
Penalty Kill 4 Players Forward
Center Wing Time % Phy DF OF
1 Andrei Svechnikov Jakub Vrana 60 1 2 2
2 Jeremy Bracco Matias Maccelli 40 1 2 2
Penalty Kill 4 Players Defense
Defense Defense Time % Phy DF OF
1 Nils Lundkvist Gustav Lindstrom 60 1 2 2
2 Moritz Seider Michael Downing 40 1 2 2
Penalty Kill - 3 Players Forward
Forward Time % Phy DF OF
1 Andrei Svechnikov 60 1 2 2
2 Jakub Vrana 40 1 2 2
Penalty Kill - 3 Players Defense
Defense Defense Time % Phy DF OF
1 Nils Lundkvist Gustav Lindstrom 60 1 2 2
2 Moritz Seider Michael Downing 40 1 2 2
4 vs 4 Forward
Center Wing Time % Phy DF OF
1 Andrei Svechnikov Jakub Vrana 60 1 2 2
2 Jeremy Bracco Matias Maccelli 40 1 2 2
4 vs 4 Defense
Defense Defense Time % Phy DF OF
1 Nils Lundkvist Gustav Lindstrom 60 1 2 2
2 Moritz Seider Michael Downing 40 1 2 2
Last Minutes Offensive
Center Left Wing Right Wing Defense Defense
Dylan Cozens Matias Maccelli Andrei Svechnikov Nils Lundkvist Gustav Lindstrom
Last Minutes Defensive
Center Left Wing Right Wing Defense Defense
Dylan Cozens Matias Maccelli Andrei Svechnikov Nils Lundkvist Gustav Lindstrom
Goaltenders
Starting : Josef Korenar
Backup : Lukas Dostal
Extra Forwards
Normal : Liam Foudy, Ty Dellandrea, Tristen Robins - PP : Liam Foudy, Ty Dellandrea - PK : Tristen Robins
Extra Defensemen
Normal : Jake Sanderson, Blake Hillman, Moritz Seider - PP : Jake Sanderson - PK : Blake Hillman, Moritz Seider
Penalty Shots
Andrei Svechnikov, Jakub Vrana, Jeremy Bracco, Matias Maccelli, Anatoli Golyshev
Custom OT Lines Forwards
Andrei Svechnikov, Jakub Vrana, Jeremy Bracco, Matias Maccelli, Anatoli Golyshev, Michael Joly, Liam Foudy, Brandon Biro, Ty Dellandrea, Dylan Cozens
Custom OT Lines Defensemen
Nils Lundkvist, Gustav Lindstrom, Moritz Seider, Michael Downing, Jake Sanderson
Scratches
None
Rockets
5 vs 5 Forward
Center Left Wing Right Wing Time % Phy DF OF
1 Jake Evans Trevor Zegras Cole Caufield 35 1 2 2
2 Jesperi Kotkaniemi Lucas Raymond Robert Thomas 30 1 2 2
3 Kirby Dach Alex Newhook Mason Appleton 20 1 2 2
4 Anders Bjork John-Jason Peterka Matthew Rempe 15 1 2 2
5 vs 5 Defense
Defense Defense Time % Phy DF OF
1 Thomas Harley Noah Dobson 45 1 2 2
2 Gustav Forsling Kaiden Guhle 40 1 2 2
3 Arber Xhekaj Jayden Struble 10 2 2 1
4 Dennis Gilbert Arber Xhekaj 5 1 2 2
PowerPlay Forward
Center Left Wing Right Wing Time % Phy DF OF
1 Robert Thomas Trevor Zegras Cole Caufield 70 1 2 2
2 Alex Newhook John-Jason Peterka Mason Appleton 30 1 2 2
PowerPlay Defense
Defense Defense Time % Phy DF OF
1 Thomas Harley Lucas Raymond 60 1 2 2
2 Gustav Forsling Noah Dobson 40 1 2 2
Penalty Kill 4 Players Forward
Center Wing Time % Phy DF OF
1 Jesperi Kotkaniemi Anders Bjork 60 1 2 2
2 Jake Evans Mason Appleton 40 1 2 2
Penalty Kill 4 Players Defense
Defense Defense Time % Phy DF OF
1 Dennis Gilbert Noah Dobson 60 1 2 2
2 Gustav Forsling Arber Xhekaj 40 1 2 2
Penalty Kill - 3 Players Forward
Forward Time % Phy DF OF
1 Jesperi Kotkaniemi 60 1 2 2
2 Jake Evans 40 1 2 2
Penalty Kill - 3 Players Defense
Defense Defense Time % Phy DF OF
1 Dennis Gilbert Noah Dobson 60 1 2 2
2 Gustav Forsling Arber Xhekaj 40 1 2 2
4 vs 4 Forward
Center Wing Time % Phy DF OF
1 Jake Evans Trevor Zegras 60 1 2 2
2 Jesperi Kotkaniemi Anders Bjork 40 1 2 2
4 vs 4 Defense
Defense Defense Time % Phy DF OF
1 Dennis Gilbert Thomas Harley 60 1 2 2
2 Gustav Forsling Noah Dobson 40 1 2 2
Last Minutes Offensive
Center Left Wing Right Wing Defense Defense
Jake Evans Trevor Zegras Robert Thomas Thomas Harley Noah Dobson
Last Minutes Defensive
Center Left Wing Right Wing Defense Defense
Jake Evans Trevor Zegras Robert Thomas Dennis Gilbert Noah Dobson
Goaltenders
Starting : Connor Hellebyuk
Backup : Jakub Dobes
Extra Forwards
Normal : Trevor Zegras, Anders Bjork, Jake Evans - PP : Kirby Dach, Anders Bjork - PK : Trevor Zegras
Extra Defensemen
Normal : Noah Dobson, Kaiden Guhle, Jayden Struble - PP : Noah Dobson - PK : Kaiden Guhle, Jayden Struble
Penalty Shots
Lucas Raymond, Trevor Zegras, Alex Newhook, Cole Caufield, Anders Bjork
Custom OT Lines Forwards
Robert Thomas, Mason Appleton, Jake Evans, Trevor Zegras, Anders Bjork, Jesperi Kotkaniemi, Lucas Raymond, Alex Newhook, Cole Caufield, John-Jason Peterka
Custom OT Lines Defensemen
Dennis Gilbert, Noah Dobson, Gustav Forsling, Thomas Harley, Arber Xhekaj
Scratches
Adam Wilsby (Healthy), Mavrik Bourque (Healthy), Martin Fehervary (Sprained Right Knee Injury), Michael McCarron (Healthy), Hunter Drew (Healthy)
William Bitten (Healthy), Cole Koepke (Healthy), Zachary Gallant (Healthy), Joey Daccord (Healthy)
% Time on Ice - Crunch
Lines # - Real PCT - Wanted PCT - Time Play
Normal Forward
1 - 32% - 40% - 15:54
2 - 30% - 30% - 15:11
3 - 21% - 20% - 10:32
4 - 17% - 10% - 8:27
Normal Defense
1 - 37% - 40% - 18:29
2 - 35% - 30% - 17:32
3 - 25% - 20% - 12:25
4 - 3% - 10% - 1:38
PP Forward
1 - 61% - 60% - 3:37
2 - 39% - 40% - 2:21
PP Defense
1 - 63% - 60% - 3:46
2 - 37% - 40% - 2:12
PK Forward
1 - 83% - 60% - 1:39
2 - 17% - 40% - 0:20
PK Defense
1 - 69% - 60% - 1:22
2 - 31% - 40% - 0:37
PK3 Forward
1 - 0% - 60%
2 - 0% - 40%
PK3 Defense
1 - 0% - 60%
2 - 0% - 40%
44 Forward
1 - 79% - 60% - 1:34
2 - 21% - 40% - 0:25
44 Defense
1 - 82% - 60% - 1:37
2 - 18% - 40% - 0:22
Last Minute Offensive - 0:00
Last Minute Defensive - 0:00
Total
Forward - 60:00
Defense - 60:00
|
% Time on Ice - Rockets
Lines # - Real PCT - Wanted PCT - Time Play
Normal Forward
1 - 34% - 35% - 16:57
2 - 26% - 30% - 12:57
3 - 23% - 20% - 11:24
4 - 18% - 15% - 8:46
Normal Defense
1 - 38% - 45% - 18:47
2 - 41% - 40% - 20:34
3 - 10% - 10% - 5:13
4 - 11% - 5% - 5:30
PP Forward
1 - 63% - 70% - 1:15
2 - 37% - 30% - 0:44
PP Defense
1 - 61% - 60% - 1:13
2 - 39% - 40% - 0:46
PK Forward
1 - 75% - 60% - 4:13
2 - 25% - 40% - 1:23
PK Defense
1 - 44% - 60% - 2:28
2 - 56% - 40% - 3:08
PK3 Forward
1 - 82% - 60% - 1:38
2 - 18% - 40% - 0:21
PK3 Defense
1 - 41% - 60% - 0:49
2 - 59% - 40% - 1:10
44 Forward
1 - 100% - 60% - 0:22
2 - 0% - 40% - 0:00
44 Defense
1 - 100% - 60% - 0:22
2 - 0% - 40% - 0:00
Last Minute Offensive - 0:00
Last Minute Defensive - 0:00
Total
Forward - 60:00
Defense - 60:00
|
Play-by-Play
1st period
0:01 of 1st period - Dylan Cozens wins face-off versus Jake Evans in neutral zone.
0:10 of 1st period - Wrist shot by Andrei Svechnikov.
0:10 of 1st period - Stopped by Connor Hellebyuk with a rebound.
0:12 of 1st period - Slapshot by Gustav Lindstrom.
0:12 of 1st period - Stopped by Connor Hellebyuk with a rebound.
0:14 of 1st period - Backhand shot by Matias Maccelli.
0:14 of 1st period - Stopped by Connor Hellebyuk with a rebound.
0:16 of 1st period - Wrist shot by Nils Lundkvist.
0:16 of 1st period - Stopped by Connor Hellebyuk with a rebound.
0:36 of 1st period - Slapshot by Blake Lizotte.
0:36 of 1st period - Shot Blocked by Trevor Zegras.
1:56 of 1st period - Slapshot by Anders Bjork.
1:56 of 1st period - Shot Misses the Net.
3:24 of 1st period - Gustav Forsling is hit by Moritz Seider and loses puck.
3:48 of 1st period - Slapshot by Jake Evans.
3:48 of 1st period - Shot Misses the Net.
3:50 of 1st period - Wrist shot by Cole Caufield.
3:50 of 1st period - Stopped by Josef Korenar without a rebound.
3:51 of 1st period - Dylan Cozens wins face-off versus Jake Evans in Crunch zone.
3:51 of 1st period - Dylan Cozens is hit by Arber Xhekaj.
4:28 of 1st period - Snap shot by Trevor Zegras.
4:28 of 1st period - Shot Blocked by Michael Downing.
4:30 of 1st period - Slapshot by Dennis Gilbert.
4:30 of 1st period - Stopped by Josef Korenar without a rebound.
4:31 of 1st period - Barrett Hayton wins face-off versus Jesperi Kotkaniemi in Crunch zone.
4:47 of 1st period - Off-side.
4:48 of 1st period - Anders Bjork wins face-off versus Blake Lizotte in neutral zone.
4:51 of 1st period - Nils Lundkvist is hit by Anders Bjork and loses puck.
5:02 of 1st period - Backhand shot by Jeremy Bracco.
5:02 of 1st period - Shot Misses the Net.
5:41 of 1st period - Snap shot by Trevor Zegras.
5:41 of 1st period - Shot Misses the Net.
5:57 of 1st period - Snap shot by Alex Newhook.
5:57 of 1st period - Stopped by Josef Korenar with a rebound.
6:17 of 1st period - Gustav Forsling is hit by Jake Sanderson and loses puck.
6:18 of 1st period - Gustav Forsling from Rockets is injured at 6:18 of 1st period (Groin).
6:19 of 1st period - Jesperi Kotkaniemi wins face-off versus Dylan Cozens in Rockets zone.
6:44 of 1st period - Nils Lundkvist is hit by Noah Dobson and loses puck.
7:41 of 1st period - Snap shot by John-Jason Peterka.
7:41 of 1st period - Stopped by Josef Korenar with a rebound.
8:10 of 1st period - Wrist shot by Cole Caufield.
8:10 of 1st period - Shot Blocked by Blake Hillman.
8:30 of 1st period - Snap shot by Jakub Vrana.
8:30 of 1st period - Stopped by Connor Hellebyuk with a rebound.
8:32 of 1st period - Backhand shot by Barrett Hayton.
8:32 of 1st period - Shot Misses the Net.
9:05 of 1st period - Noah Dobson is hit by Andrei Svechnikov.
9:29 of 1st period - Cole Caufield is hit by Michael Joly and loses puck.
10:22 of 1st period - Moritz Seider is hit by Robert Thomas and loses puck.
10:33 of 1st period - Noah Dobson is hit by Anatoli Golyshev and loses puck.
10:52 of 1st period - Wrist shot by Mason Appleton.
10:52 of 1st period - Stopped by Josef Korenar with a rebound.
11:22 of 1st period - Snap shot by Andrei Svechnikov.
11:22 of 1st period - Shot Hit the Post.
11:31 of 1st period - Off-side.
11:32 of 1st period - Jesperi Kotkaniemi wins face-off versus Blake Lizotte in neutral zone.
11:46 of 1st period - Jake Sanderson is hit by Arber Xhekaj.
12:17 of 1st period - Gustav Lindstrom is hit by Arber Xhekaj.
12:44 of 1st period - Wrist shot by Anders Bjork.
12:44 of 1st period - Shot Misses the Net.
13:11 of 1st period - Dennis Gilbert is hit by Dylan Cozens and loses puck.
13:41 of 1st period - Anatoli Golyshev is hit by Kirby Dach and loses puck.
15:41 of 1st period - Jesperi Kotkaniemi is hit by Michael Joly and loses puck.
15:48 of 1st period - Jesperi Kotkaniemi is hit by Blake Hillman and loses puck.
17:28 of 1st period - Snap shot by Jake Evans.
17:28 of 1st period - Shot Misses the Net.
17:30 of 1st period - Slapshot by Thomas Harley.
17:30 of 1st period - Shot Blocked by Brandon Biro.
17:32 of 1st period - Snap shot by Trevor Zegras.
17:32 of 1st period - Shot Blocked by Blake Lizotte.
17:34 of 1st period - Slapshot by Dennis Gilbert.
17:34 of 1st period - Deflect By Trevor Zegras.
17:34 of 1st period - Stopped by Josef Korenar without a rebound.
17:35 of 1st period - Jesperi Kotkaniemi wins face-off versus Dylan Cozens in Crunch zone.
17:48 of 1st period - Wrist shot by Robert Thomas.
17:48 of 1st period - Stopped by Josef Korenar without a rebound.
17:49 of 1st period - Dylan Cozens wins face-off versus Jake Evans in Crunch zone.
18:14 of 1st period - Snap shot by Anatoli Golyshev.
18:14 of 1st period - Shot Misses the Net.
18:16 of 1st period - Wrist shot by Jakub Vrana.
18:16 of 1st period - Deflect By Anatoli Golyshev.
18:16 of 1st period - Stopped by Connor Hellebyuk with a rebound.
18:18 of 1st period - Snap shot by Barrett Hayton.
18:18 of 1st period - Deflect By Anatoli Golyshev.
18:18 of 1st period - Shot Misses the Net.
18:18 of 1st period - Puck is out of play.
18:19 of 1st period - Barrett Hayton wins face-off versus Jesperi Kotkaniemi in Rockets zone.
18:30 of 1st period - Slapshot by Barrett Hayton.
18:30 of 1st period - Shot Misses the Net.
18:48 of 1st period - Snap shot by Dylan Cozens.
18:48 of 1st period - Shot Misses the Net.
18:50 of 1st period - Snap shot by Dylan Cozens.
18:50 of 1st period - Goal by Dylan Cozens - Crunch : 1 - Rockets : 0.
18:51 of 1st period - Jake Evans wins face-off versus Dylan Cozens in neutral zone.
19:05 of 1st period - Nils Lundkvist is hit by Thomas Harley and loses puck.
Goals for this period are 1 for Crunch vs 0 for Rockets.
Shots for this period are 7 for Crunch vs 7 for Rockets.
2nd period
0:01 of 2nd period - Jake Evans wins face-off versus Dylan Cozens in neutral zone.
0:26 of 2nd period - Jesperi Kotkaniemi is hit by Gustav Lindstrom and loses puck.
0:39 of 2nd period - Lucas Raymond is hit by Gustav Lindstrom and loses puck.
1:16 of 2nd period - Snap shot by Michael Joly.
1:16 of 2nd period - Stopped by Connor Hellebyuk with a rebound.
1:18 of 2nd period - Wrist shot by Michael Joly.
1:18 of 2nd period - Stopped by Connor Hellebyuk without a rebound.
1:19 of 2nd period - Dylan Cozens wins face-off versus Trevor Zegras in Rockets zone.
1:47 of 2nd period - Blake Hillman is hit by Jesperi Kotkaniemi and loses puck.
2:08 of 2nd period - Alex Newhook is hit by Jeremy Bracco.
2:58 of 2nd period - Wrist shot by Matias Maccelli.
2:58 of 2nd period - Shot Misses the Net.
3:27 of 2nd period - Snap shot by Blake Lizotte.
3:27 of 2nd period - Shot Blocked by Dennis Gilbert.
3:47 of 2nd period - Noah Dobson is hit by Joe Veleno.
4:09 of 2nd period - Icing by Dylan Cozens.
4:10 of 2nd period - Jesperi Kotkaniemi wins face-off versus Dylan Cozens in Crunch zone.
5:00 of 2nd period - Wrist shot by Lucas Raymond.
5:00 of 2nd period - Goal by Lucas Raymond - Crunch : 1 - Rockets : 1.
5:01 of 2nd period - Barrett Hayton wins face-off versus Jake Evans in neutral zone.
5:03 of 2nd period - Off-side.
5:04 of 2nd period - Barrett Hayton wins face-off versus Trevor Zegras in neutral zone.
5:07 of 2nd period - Snap shot by Jakub Vrana.
5:07 of 2nd period - Shot Misses the Net.
5:15 of 2nd period - Snap shot by Trevor Zegras.
5:15 of 2nd period - Stopped by Josef Korenar with a rebound.
6:22 of 2nd period - Slapshot by John-Jason Peterka.
6:22 of 2nd period - Shot Misses the Net.
6:56 of 2nd period - Snap shot by Robert Thomas.
6:56 of 2nd period - Shot Blocked by Moritz Seider.
6:58 of 2nd period - Slapshot by Jesperi Kotkaniemi.
6:58 of 2nd period - Shot Misses the Net.
7:00 of 2nd period - Wrist shot by Jesperi Kotkaniemi.
7:00 of 2nd period - Shot Blocked by Anatoli Golyshev.
7:02 of 2nd period - Slapshot by Arber Xhekaj.
7:02 of 2nd period - Stopped by Josef Korenar without a rebound.
7:03 of 2nd period - Jake Evans wins face-off versus Dylan Cozens in Crunch zone.
7:28 of 2nd period - Jesperi Kotkaniemi is hit by Brandon Biro and loses puck.
7:33 of 2nd period - Snap shot by Jeremy Bracco.
7:33 of 2nd period - Stopped by Connor Hellebyuk with a rebound.
8:35 of 2nd period - Icing by Anatoli Golyshev.
8:36 of 2nd period - Jake Evans wins face-off versus Barrett Hayton in Crunch zone.
8:46 of 2nd period - Icing by Barrett Hayton.
8:47 of 2nd period - Barrett Hayton wins face-off versus Jake Evans in Crunch zone.
9:03 of 2nd period - Icing by Cole Caufield.
9:04 of 2nd period - Jake Evans wins face-off versus Dylan Cozens in Rockets zone.
9:04 of 2nd period - Jake Evans is hit by Andrei Svechnikov.
9:14 of 2nd period - Wrist shot by Jake Evans.
9:14 of 2nd period - Shot Misses the Net.
9:16 of 2nd period - Snap shot by Thomas Harley.
9:16 of 2nd period - Deflect By Gustav Lindstrom.
9:16 of 2nd period - Stopped by Josef Korenar with a rebound.
9:18 of 2nd period - Slapshot by Jake Evans.
9:18 of 2nd period - Stopped by Josef Korenar without a rebound.
9:19 of 2nd period - Barrett Hayton wins face-off versus Jesperi Kotkaniemi in Crunch zone.
9:44 of 2nd period - Thomas Harley is hit by Andrei Svechnikov and loses puck.
10:21 of 2nd period - Alex Newhook is hit by Blake Lizotte and loses puck.
10:40 of 2nd period - Snap shot by Anatoli Golyshev.
10:40 of 2nd period - Shot Misses the Net.
10:52 of 2nd period - Mason Appleton is hit by Joe Veleno and loses puck.
11:09 of 2nd period - Wrist shot by Mason Appleton.
11:09 of 2nd period - Shot Blocked by Cam Hillis.
11:17 of 2nd period - Slapshot by Thomas Harley.
11:17 of 2nd period - Shot Misses the Net.
11:19 of 2nd period - Slapshot by Noah Dobson.
11:19 of 2nd period - Shot Misses the Net.
11:21 of 2nd period - Slapshot by Kirby Dach.
11:21 of 2nd period - Shot Blocked by Moritz Seider.
11:23 of 2nd period - Slapshot by Noah Dobson.
11:23 of 2nd period - Shot Misses the Net.
11:25 of 2nd period - Wrist shot by Kirby Dach.
11:25 of 2nd period - Stopped by Josef Korenar without a rebound.
11:26 of 2nd period - Jake Evans wins face-off versus Dylan Cozens in Crunch zone.
11:33 of 2nd period - Wrist shot by Matias Maccelli.
11:33 of 2nd period - Stopped by Connor Hellebyuk without a rebound.
11:34 of 2nd period - Dylan Cozens wins face-off versus Jake Evans in Rockets zone.
11:37 of 2nd period - Wrist shot by Andrei Svechnikov.
11:37 of 2nd period - Shot Misses the Net.
11:39 of 2nd period - Slapshot by Nils Lundkvist.
11:39 of 2nd period - Shot Blocked by Kaiden Guhle.
11:41 of 2nd period - Wrist shot by Andrei Svechnikov.
11:41 of 2nd period - Stopped by Connor Hellebyuk with a rebound.
11:43 of 2nd period - Wrist shot by Dylan Cozens.
11:43 of 2nd period - Stopped by Connor Hellebyuk with a rebound.
11:52 of 2nd period - Minor Penalty to Jayden Struble for Hooking.
11:53 of 2nd period - Jesperi Kotkaniemi wins face-off versus Matias Maccelli in Rockets zone.
12:16 of 2nd period - Icing by Dylan Cozens.
12:17 of 2nd period - Dylan Cozens wins face-off versus Jesperi Kotkaniemi in Crunch zone.
12:17 of 2nd period - Dylan Cozens is hit by Jesperi Kotkaniemi.
12:29 of 2nd period - Slapshot by Nils Lundkvist.
12:29 of 2nd period - Stopped by Connor Hellebyuk without a rebound.
12:30 of 2nd period - Dylan Cozens wins face-off versus Jesperi Kotkaniemi in Rockets zone.
12:35 of 2nd period - Wrist shot by Dylan Cozens.
12:35 of 2nd period - Stopped by Connor Hellebyuk with a rebound.
12:45 of 2nd period - Backhand shot by Matias Maccelli.
12:45 of 2nd period - Shot Misses the Net.
13:52 of 2nd period - Penalty to Jayden Struble is over, Jayden Struble is back on ice.
14:02 of 2nd period - Kirby Dach is hit by Brandon Biro and loses puck.
14:28 of 2nd period - Slapshot by Cam Hillis.
14:28 of 2nd period - Stopped by Connor Hellebyuk with a rebound.
15:11 of 2nd period - Barrett Hayton is hit by Robert Thomas and loses puck.
15:26 of 2nd period - Dennis Gilbert is hit by Matias Maccelli and loses puck.
15:39 of 2nd period - Jeremy Bracco is hit by Arber Xhekaj and loses puck.
15:48 of 2nd period - Cole Caufield is hit by Brandon Biro and loses puck.
16:06 of 2nd period - Snap shot by Joe Veleno.
16:06 of 2nd period - Deflect By Anders Bjork.
16:06 of 2nd period - Stopped by Connor Hellebyuk with a rebound.
16:30 of 2nd period - Minor Penalty to Jayden Struble for Roughing.
16:31 of 2nd period - Jesperi Kotkaniemi wins face-off versus Dylan Cozens in Rockets zone.
16:38 of 2nd period - Snap shot by Jesperi Kotkaniemi.
16:38 of 2nd period - Shot Misses the Net.
16:41 of 2nd period - Icing by Matias Maccelli.
16:42 of 2nd period - Jesperi Kotkaniemi wins face-off versus Dylan Cozens in Crunch zone.
16:43 of 2nd period - Wrist shot by Anders Bjork.
16:43 of 2nd period - Stopped by Josef Korenar with a rebound.
16:45 of 2nd period - Wrist shot by Jesperi Kotkaniemi.
16:45 of 2nd period - Shot Blocked by Gustav Lindstrom.
16:47 of 2nd period - Wrist shot by Jesperi Kotkaniemi.
16:47 of 2nd period - Stopped by Josef Korenar without a rebound.
16:48 of 2nd period - Dylan Cozens wins face-off versus Jesperi Kotkaniemi in Crunch zone.
16:53 of 2nd period - Snap shot by Nils Lundkvist.
16:53 of 2nd period - Shot Blocked by Dennis Gilbert.
17:34 of 2nd period - Jesperi Kotkaniemi is hit by Jakub Vrana and loses puck.
18:30 of 2nd period - Penalty to Jayden Struble is over, Jayden Struble is back on ice.
18:39 of 2nd period - Snap shot by Trevor Zegras.
18:39 of 2nd period - Shot Misses the Net.
18:41 of 2nd period - Slapshot by Noah Dobson.
18:41 of 2nd period - Stopped by Josef Korenar with a rebound.
18:43 of 2nd period - Slapshot by Trevor Zegras.
18:43 of 2nd period - Stopped by Josef Korenar with a rebound.
18:45 of 2nd period - Wrist shot by Jayden Struble.
18:45 of 2nd period - Goal by Jayden Struble - Crunch : 1 - Rockets : 2.
18:46 of 2nd period - Andrei Svechnikov wins face-off versus Anders Bjork in neutral zone.
18:53 of 2nd period - Wrist shot by Andrei Svechnikov.
18:53 of 2nd period - Stopped by Connor Hellebyuk without a rebound.
18:54 of 2nd period - Anders Bjork wins face-off versus Dylan Cozens in Rockets zone.
19:01 of 2nd period - Slapshot by Nils Lundkvist.
19:01 of 2nd period - Stopped by Connor Hellebyuk with a rebound.
19:20 of 2nd period - Slapshot by Matias Maccelli.
19:20 of 2nd period - Stopped by Connor Hellebyuk without a rebound.
19:21 of 2nd period - Barrett Hayton wins face-off versus Jake Evans in Rockets zone.
19:32 of 2nd period - Wrist shot by Jakub Vrana.
19:32 of 2nd period - Stopped by Connor Hellebyuk without a rebound.
19:33 of 2nd period - Dylan Cozens wins face-off versus Jake Evans in Rockets zone.
19:46 of 2nd period - Snap shot by Matias Maccelli.
19:46 of 2nd period - Shot Misses the Net.
19:48 of 2nd period - Slapshot by Gustav Lindstrom.
19:48 of 2nd period - Stopped by Connor Hellebyuk with a rebound.
19:58 of 2nd period - Anatoli Golyshev is hit by Jesperi Kotkaniemi and loses puck.
Goals for this period are 0 for Crunch vs 2 for Rockets.
Shots for this period are 15 for Crunch vs 11 for Rockets.
3rd period
0:01 of 3rd period - Dylan Cozens wins face-off versus Jake Evans in neutral zone.
0:04 of 3rd period - Snap shot by Trevor Zegras.
0:04 of 3rd period - Shot Misses the Net.
0:06 of 3rd period - Wrist shot by Cole Caufield.
0:06 of 3rd period - Shot Blocked by Gustav Lindstrom.
0:26 of 3rd period - Nils Lundkvist is hit by Mason Appleton and loses puck.
1:12 of 3rd period - Wrist shot by Andrei Svechnikov.
1:12 of 3rd period - Shot Blocked by Kaiden Guhle.
1:14 of 3rd period - Wrist shot by Dylan Cozens.
1:14 of 3rd period - Shot Misses the Net.
1:16 of 3rd period - Wrist shot by Dylan Cozens.
1:16 of 3rd period - Stopped by Connor Hellebyuk with a rebound.
1:18 of 3rd period - Snap shot by Michael Downing.
1:18 of 3rd period - Shot Blocked by Kaiden Guhle.
2:10 of 3rd period - Slapshot by Moritz Seider.
2:10 of 3rd period - Deflect By Lucas Raymond.
2:10 of 3rd period - Stopped by Connor Hellebyuk with a rebound.
2:14 of 3rd period - Snap shot by Jeremy Bracco.
2:14 of 3rd period - Deflect By Brandon Biro.
2:14 of 3rd period - Stopped by Connor Hellebyuk without a rebound.
2:15 of 3rd period - Jake Evans wins face-off versus Blake Lizotte in Rockets zone.
2:20 of 3rd period - Blake Lizotte is hit by Jake Evans and loses puck.
2:25 of 3rd period - Slapshot by Jake Evans.
2:25 of 3rd period - Stopped by Josef Korenar with a rebound.
2:27 of 3rd period - Slapshot by Dennis Gilbert.
2:27 of 3rd period - Stopped by Josef Korenar without a rebound.
2:28 of 3rd period - Jake Evans wins face-off versus Dylan Cozens in Crunch zone.
2:29 of 3rd period - Wrist shot by Trevor Zegras.
2:29 of 3rd period - Goal by Trevor Zegras - Crunch : 1 - Rockets : 3.
2:30 of 3rd period - Dylan Cozens wins face-off versus Jake Evans in neutral zone.
2:56 of 3rd period - Minor Penalty to Anatoli Golyshev for Slashing.
2:57 of 3rd period - Robert Thomas wins face-off versus Andrei Svechnikov in Crunch zone.
3:08 of 3rd period - Wrist shot by Robert Thomas.
3:08 of 3rd period - Shot Misses the Net.
3:10 of 3rd period - Slapshot by Trevor Zegras.
3:10 of 3rd period - Stopped by Josef Korenar without a rebound.
3:11 of 3rd period - Robert Thomas wins face-off versus Andrei Svechnikov in Crunch zone.
4:06 of 3rd period - Alex Newhook is hit by Moritz Seider and loses puck.
4:56 of 3rd period - Penalty to Anatoli Golyshev is over, Anatoli Golyshev is back on ice.
5:01 of 3rd period - Anatoli Golyshev is hit by Thomas Harley and loses puck.
5:16 of 3rd period - Slapshot by Jeremy Bracco.
5:16 of 3rd period - Stopped by Connor Hellebyuk with a rebound.
5:18 of 3rd period - Slapshot by Blake Hillman.
5:18 of 3rd period - Shot Misses the Net.
5:20 of 3rd period - Slapshot by Jeremy Bracco.
5:20 of 3rd period - Stopped by Connor Hellebyuk without a rebound.
5:21 of 3rd period - Anders Bjork wins face-off versus Cam Hillis in Rockets zone.
5:46 of 3rd period - Snap shot by Matias Maccelli.
5:46 of 3rd period - Shot Misses the Net.
5:48 of 3rd period - Slapshot by Matias Maccelli.
5:48 of 3rd period - Shot Blocked by Alex Newhook.
5:58 of 3rd period - Anatoli Golyshev is hit by Trevor Zegras and loses puck.
6:03 of 3rd period - Snap shot by Trevor Zegras.
6:03 of 3rd period - Shot Blocked by Jake Sanderson.
6:13 of 3rd period - Slapshot by Anders Bjork.
6:13 of 3rd period - Shot Misses the Net.
6:39 of 3rd period - Snap shot by Andrei Svechnikov.
6:39 of 3rd period - Shot Blocked by Kaiden Guhle.
6:41 of 3rd period - Snap shot by Matias Maccelli.
6:41 of 3rd period - Stopped by Connor Hellebyuk with a rebound.
6:43 of 3rd period - Wrist shot by Andrei Svechnikov.
6:43 of 3rd period - Shot Blocked by Kaiden Guhle.
6:45 of 3rd period - Wrist shot by Andrei Svechnikov.
6:45 of 3rd period - Goal by Andrei Svechnikov - Crunch : 2 - Rockets : 3.
6:46 of 3rd period - Jake Evans wins face-off versus Dylan Cozens in neutral zone.
6:49 of 3rd period - Dylan Cozens is hit by Jake Evans and loses puck.
7:34 of 3rd period - Wrist shot by Matias Maccelli.
7:34 of 3rd period - Shot Misses the Net.
8:13 of 3rd period - Nils Lundkvist is hit by Cole Caufield.
8:59 of 3rd period - Barrett Hayton is hit by Robert Thomas and loses puck.
9:39 of 3rd period - Jakub Vrana is hit by Noah Dobson and loses puck.
9:54 of 3rd period - Double Minor Penalty to Arber Xhekaj for Roughing.
9:55 of 3rd period - Jesperi Kotkaniemi wins face-off versus Dylan Cozens in Rockets zone.
10:28 of 3rd period - Jake Evans is hit by Barrett Hayton and loses puck.
10:37 of 3rd period - Barrett Hayton is hit by Kaiden Guhle.
10:49 of 3rd period - Minor Penalty to Gustav Lindstrom for Hooking.
10:50 of 3rd period - Jake Evans wins face-off versus Andrei Svechnikov in Crunch zone.
11:11 of 3rd period - Minor Penalty to Jake Evans for Interference.
11:12 of 3rd period - Jesperi Kotkaniemi wins face-off versus Andrei Svechnikov in Rockets zone.
11:23 of 3rd period - Snap shot by Dennis Gilbert.
11:23 of 3rd period - Stopped by Josef Korenar without a rebound.
11:24 of 3rd period - Jesperi Kotkaniemi wins face-off versus Andrei Svechnikov in Crunch zone.
11:39 of 3rd period - Wrist shot by Andrei Svechnikov.
11:39 of 3rd period - Stopped by Connor Hellebyuk with a rebound.
12:49 of 3rd period - Penalty to Gustav Lindstrom is over, Gustav Lindstrom is back on ice.
12:52 of 3rd period - Gustav Lindstrom is hit by Kaiden Guhle and loses puck.
13:11 of 3rd period - Penalty to Jake Evans is over, Jake Evans is back on ice.
13:53 of 3rd period - Icing by Moritz Seider.
13:54 of 3rd period - Penalty to Arber Xhekaj is over, Arber Xhekaj is back on ice.
13:54 of 3rd period - Dylan Cozens wins face-off versus Kirby Dach in Crunch zone.
14:03 of 3rd period - Snap shot by Mason Appleton.
14:03 of 3rd period - Shot Misses the Net.
14:05 of 3rd period - Slapshot by Arber Xhekaj.
14:05 of 3rd period - Stopped by Josef Korenar with a rebound.
14:07 of 3rd period - Snap shot by Kirby Dach.
14:07 of 3rd period - Stopped by Josef Korenar with a rebound.
14:09 of 3rd period - Snap shot by Jayden Struble.
14:09 of 3rd period - Goal by Jayden Struble - Crunch : 2 - Rockets : 4.
14:10 of 3rd period - Jake Evans wins face-off versus Dylan Cozens in neutral zone.
14:23 of 3rd period - Snap shot by Andrei Svechnikov.
14:23 of 3rd period - Stopped by Connor Hellebyuk with a rebound.
14:58 of 3rd period - Jayden Struble is hit by Jeremy Bracco and loses puck.
15:27 of 3rd period - Snap shot by Anders Bjork.
15:27 of 3rd period - Shot Misses the Net.
15:29 of 3rd period - Snap shot by John-Jason Peterka.
15:29 of 3rd period - Stopped by Josef Korenar with a rebound.
15:31 of 3rd period - Snap shot by John-Jason Peterka.
15:31 of 3rd period - Shot Blocked by Michael Downing.
16:24 of 3rd period - Robert Thomas is hit by Blake Hillman and loses puck.
16:44 of 3rd period - Snap shot by Mason Appleton.
16:44 of 3rd period - Stopped by Josef Korenar with a rebound.
16:46 of 3rd period - Backhand shot by Arber Xhekaj.
16:46 of 3rd period - Shot Blocked by Nils Lundkvist.
16:48 of 3rd period - Slapshot by Dennis Gilbert.
16:48 of 3rd period - Shot Misses the Net.
16:50 of 3rd period - Wrist shot by Dennis Gilbert.
16:50 of 3rd period - Stopped by Josef Korenar without a rebound.
16:51 of 3rd period - Jake Evans wins face-off versus Barrett Hayton in Crunch zone.
16:56 of 3rd period - Wrist shot by Trevor Zegras.
16:56 of 3rd period - Stopped by Josef Korenar without a rebound.
16:57 of 3rd period - Jake Evans wins face-off versus Barrett Hayton in Crunch zone.
16:58 of 3rd period - Snap shot by Trevor Zegras.
16:58 of 3rd period - Deflect By Jakub Vrana.
16:58 of 3rd period - Shot Misses the Net.
16:58 of 3rd period - Puck is out of play.
16:59 of 3rd period - Jake Evans wins face-off versus Barrett Hayton in Crunch zone.
17:40 of 3rd period - Snap shot by Trevor Zegras.
17:40 of 3rd period - Stopped by Josef Korenar with a rebound.
17:42 of 3rd period - Slapshot by Jake Evans.
17:42 of 3rd period - Stopped by Josef Korenar with a rebound.
17:44 of 3rd period - Slapshot by Dennis Gilbert.
17:44 of 3rd period - Stopped by Josef Korenar with a rebound.
18:12 of 3rd period - Trevor Zegras is hit by Jakub Vrana and loses puck.
18:29 of 3rd period - Moritz Seider is hit by Trevor Zegras and loses puck.
18:42 of 3rd period - Snap shot by Jake Evans.
18:42 of 3rd period - Shot Misses the Net.
18:44 of 3rd period - Wrist shot by Cole Caufield.
18:44 of 3rd period - Stopped by Josef Korenar with a rebound.
18:46 of 3rd period - Slapshot by Kaiden Guhle.
18:46 of 3rd period - Shot Blocked by Michael Downing.
18:48 of 3rd period - Slapshot by Kaiden Guhle.
18:48 of 3rd period - Stopped by Josef Korenar with a rebound.
19:00 of 3rd period - Wrist shot by Trevor Zegras.
19:00 of 3rd period - Stopped by Josef Korenar with a rebound.
19:02 of 3rd period - Slapshot by Kaiden Guhle.
19:02 of 3rd period - Deflect By Trevor Zegras.
19:02 of 3rd period - Stopped by Josef Korenar with a rebound.
19:04 of 3rd period - Snap shot by Dennis Gilbert.
19:04 of 3rd period - Goal by Dennis Gilbert - Crunch : 2 - Rockets : 5.
19:05 of 3rd period - Dylan Cozens wins face-off versus Jesperi Kotkaniemi in neutral zone.
Goals for this period are 1 for Crunch vs 3 for Rockets.
Shots for this period are 9 for Crunch vs 20 for Rockets.